 Dungeon Crawl Stone Soup version 0.17-a0-1637-g5d65775 (webtiles) character file.

884 urechis the Magician (level 8, 0/43 HPs)
             Began as a Gargoyle Wizard on Aug 7, 2015.
             Was an Initiate of Vehumet.
             Slain by a giant frog zombie (5 damage)
             ... on level 5 of the Dungeon.
             The game lasted 00:18:54 (5686 turns).

urechis the Magician (Gargoyle Wizard)              Turns: 5686, Time: 00:18:55

Health: 0/43       AC: 13    Str: 11    XL:     8   Next: 5%
Magic:  23/25      EV: 12    Int: 21    God:    Vehumet [......]
Gold:   323        SH:  0    Dex:  8    Spells: 7 memorised, 3 levels left

rFire  . . .     SeeInvis .     z - +2 morningstar (protect)
rCold  . . .     Clarity  .     a - +0 robe
rNeg   + . .     SustAt   .     (no shield)
rPois  ∞         Gourm    .     b - +0 hat
rElec  +         Spirit   .     n - +0 cloak (curse)
rCorr  .         Warding  .     (no gloves)
rMut   .         Stasis   .     (no boots)
MR     .....                    (no amulet)
Stlth  ++........               r - +2 ring of slaying
                                B - ring of magical power

@: not resistant to hostile enchantments, unstealthy
A: negative energy resistance 1, electricity resistance, unbreathing,
petrification resistance, rot immunity, AC +5
a: Renounce Religion


You were on level 5 of the Dungeon.
You worshipped Vehumet.
Vehumet was noncommittal.
You were not hungry.

You visited 2 branches of the dungeon, and saw 6 of its levels.

You collected 323 gold pieces.

Inventory:

Hand weapons
 z - a +2 morningstar of protection (weapon)
Armour
 a - a +0 robe (worn)
 b - a +0 hat (worn)
 n - a cursed +0 cloak (worn)
 x - a +0 buckler
Jewellery
 f - a +4 ring of dexterity
 r - a +2 ring of slaying (right hand)
 s - an uncursed ring of fire
 B - a ring of magical power (left hand)
Magical devices
 H - a wand of magic darts (25)
Scrolls
 h - 7 scrolls of identify {unknown}
 i - 2 scrolls of remove curse {unknown}
 j - 3 scrolls of magic mapping {unknown}
 l - 2 scrolls of random uselessness {unknown}
 m - a scroll of enchant weapon {unknown}
 p - a scroll of recharging {unknown}
 q - a scroll of teleportation {unknown}
 u - a scroll of fear {unknown}
 v - 4 scrolls of enchant armour {unknown}
 y - a scroll of noise {unknown}
 C - a scroll of vulnerability {unknown}
Potions
 c - a potion of cure mutation {unknown}
 e - 3 potions of mutation {unknown}
 g - 6 potions of curing {unknown}
 o - 2 potions of heal wounds {unknown}
 w - 2 potions of agility
 D - a potion of flight {unknown}
 G - a potion of lignification {unknown}
Books
 E - a book of Flames

   Spells                             Type                      Level
   a - Flame Tongue                   Conjuration/Fire             1
   b - Throw Flame                    Conjuration/Fire             2
   c - Conjure Flame                  Conjuration/Fire             3
   d - Inner Flame                    Hexes/Fire                   3
   e - Sticky Flame                   Conjuration/Fire             4
   f - Fireball                       Conjuration/Fire             5
Comestibles
 d - 4 bread rations
 k - 3 beef jerkies
 t - 3 meat rations
 A - a slice of pizza
 F - a royal jelly


   Skills:
 + Level 1.5 Fighting
 + Level 2.1 Armour
 + Level 2.5 Dodging
 - Level 2.1 Stealth
 * Level 2.8 Shields
 + Level 5.5 Spellcasting
 + Level 5.2 Conjurations
 - Level 0.8 Summonings
 - Level 0.8 Translocations
 + Level 1.6 Fire Magic
 + Level 0.8 Air Magic
 + Level 0.0 Evocations


You had 3 spell levels left.
You knew the following spells:

 Your Spells              Type           Power        Failure   Level  Hunger
a - Magic Dart            Conj           ####         1%          1    None
b - Mephitic Cloud        Conj/Pois/Air  ##......     17%         3    ##.....
c - Blink                 Tloc           N/A          12%         2    None
d - Call Imp              Summ           #.......     12%         2    None
e - Conjure Flame         Conj/Fire      ###.....     10%         3    ##.....
f - Repel Missiles        Chrm/Air       #.....       14%         2    None
g - Slow                  Hex            #.......     17%         2    None


Dungeon Overview and Level Annotations

Branches:
Dungeon (5/15)             Temple (1/1) D:5

Altars:
Ashenzari
Cheibriados
Dithmenos
Elyvilon
Fedhas
Gozag
Kikubaaqudgha
Makhleb
Nemelex Xobeh
Okawaru
Qazlal
Ru
Sif Muna
Trog
Vehumet
Yredelemnul
The Shining One

Shops:
D:4 *

Annotations:
D:3 Ajdolov's ghost, average GrGl


Innate Abilities, Weirdness & Mutations

You are resistant to torment.
Your stone body is resilient (AC +5).
You are immune to poison.
You resist negative energy.
You are resistant to electric shocks.
You can survive without breathing.
You are immune to petrification.
You are immune to rotting.


Message History

Casting: Magic Dart
Confirm with . or Enter, or press ? or * to list all spells.
Aiming: Mephitic Cloud
Press: ? - help, Shift-Dir - straight line, f - giant frog zombie
Aim: a giant frog zombie The ball explodes into a vile cloud!
The stinking cloud engulfs the giant frog zombie.
The stinking cloud engulfs something.
The stinking cloud engulfs you! The giant frog zombie misses you.
You thump the giant frog zombie! The giant frog zombie hits you.
* * * LOW HITPOINT WARNING * * *
The giant frog zombie hits you.
* * * LOW HITPOINT WARNING * * *
Vehumet accepts your kill.
Reactivating autopickup.
You feel a bit more experienced.
Things that are here:
a morningstar; a leather armour; an orc corpse The giant frog zombie hits you.
You die...

.............####...#####
........####............#
########.# #####.........
#........#########...###_#
#..####..§....(...........
##§##########..###.#
#.##### #..# #.#
.#####Z#...## #..# #.#
.......(@....# #..# #.#
>.#####.......# #..# #.
.........####... ...
###.......#.. ..
##.....##.# #. .....###.#
#. ###### #.# #. #.#
######. #.# #......


You could see a giant frog zombie.

Vanquished Creatures
  An ogre (D:4)
  5 wights (D:5)
  3 jellies
  2 crimson imps (D:5)
  A hound (D:5)
  4 orc priests
  2 giant frog skeletons (D:5)
  A worker ant (D:4)
  An orc wizard (D:5)
  An iguana (D:4)
  A worker ant zombie (D:5)
  3 adders
  An ooze (D:3)
  2 adder skeletons
  4 worms
  2 giant geckos
  15 orcs
  A ball python (D:3)
  7 giant cockroaches
  A goblin (D:2)
  9 hobgoblins
  7 kobolds
  9 bats
  A giant newt (D:1)
  12 jackals
  A quokka (D:3)
  8 rats
105 creatures vanquished.

Notes
Turn   | Place    | Note
--------------------------------------------------------------
     0 | D:1      | urechis the Gargoyle Wizard began the quest for the Orb.
     0 | D:1      | Reached XP level 1. HP: 10/10 MP: 4/4
   268 | D:1      | Reached XP level 2. HP: 9/15 MP: 3/6
  1506 | D:2      | Reached XP level 3. HP: 19/19 MP: 1/8
  1685 | D:2      | Found a glowing golden altar of the Shining One.
  2191 | D:2      | Found a deep blue altar of Sif Muna.
  2362 | D:3      | Reached XP level 4. HP: 20/24 MP: 1/9
  2528 | D:3      | Learned a level 3 spell: Mephitic Cloud
  2531 | D:3      | Learned a level 2 spell: Call Imp
  2534 | D:3      | Learned a level 2 spell: Blink
  2794 | D:3      | Reached skill level 4 in Spellcasting
  2919 | D:3      | Reached XP level 5. HP: 7/28 MP: 3/11
  3450 | D:3      | Noticed Ajdolov's ghost (average GrGl)
  4252 | D:4      | Found Eiceqit's Eclectic Emporium.
  4449 | D:4      | Noticed an ogre
  4464 | D:4      | Reached XP level 6. HP: 32/32 MP: 8/13
  4472 | D:4      | Killed an ogre
  4472 | D:4      | Reached skill level 5 in Spellcasting
  4477 | D:4      | Learned a level 3 spell: Conjure Flame
  4480 | D:4      | Learned a level 2 spell: Repel Missiles
  4483 | D:4      | Learned a level 2 spell: Slow
  4905 | D:5      | Entered Level 5 of the Dungeon
  4950 | D:5      | Reached skill level 1 in Fire Magic
  5021 | D:5      | Found an iron altar of Okawaru.
  5082 | D:5      | Found a staircase to the Ecumenical Temple.
  5090 | D:5      | Reached skill level 1 in Shields
  5090 | D:5      | Reached skill level 5 in Conjurations
  5090 | D:5      | Reached XP level 7. HP: 36/36 MP: 13/14
  5136 | Temple   | Entered the Ecumenical Temple
  5179 | Temple   | Became a worshipper of Vehumet
  5473 | D:5      | Reached skill level 1 in Armour
  5539 | D:5      | Reached skill level 1 in Fighting
  5603 | D:5      | Reached XP level 8. HP: 43/43 MP: 16/16
  5623 | D:5      | Found a stormy altar of Qazlal.
  5686 | D:5      | Slain by a giant frog zombie

Vault maps used:
D:1:      minmay_arrival_nine_rooms
D:2:      nicolae_tso_carved_into_rock, lemuel_blue_sif_altar
D:4:      minmay_liquid_box, nicolae_alphabet_shops
D:5:      overflow_temple_1_default, lemuel_doored_altar,
          minmay_temple_entry_grid, first_bread, minmay_splitting_lines
Temple:   nicolae_temple_figure_eight

Action                   |  1- 3 |  4- 6 |  7- 9 || total
-------------------------+-------+-------+-------++-------
Melee: Dagger            |    77 |    22 |       ||    99
       Long sword        |       |    31 |       ||    31
       Morningstar       |       |    33 |    50 ||    83
 Cast: Magic Dart        |    96 |   103 |    41 ||   240
       Mephitic Cloud    |       |     4 |     2 ||     6
       Call Imp          |       |     2 |       ||     2
  Eat: Chunk             |     3 |     9 |     2 ||    14
       Beef jerky        |       |     1 |       ||     1
